 Dungeon Crawl Stone Soup version 0.31-a0-202-g547052bce9 (webtiles) character file.

Game seed: 10312962200782558722

76 qw the Shooter (level 4, 0/25 HPs)
             Began as a Deep Elf Hunter on June 26, 2023.
             Succumbed to their own poison gas
             ... on level 2 of the Dungeon.
             The game lasted 00:00:37 (1558 turns).

qw the Shooter (Deep Elf Hunter)                    Turns: 1558, Time: 00:00:37

Health: 0/25       AC:  7    Str: 10    XL:     4   Next: 12%
Magic:  6/6        EV:  9    Int: 14    God:
Gold:   128        SH:  0    Dex: 18    Spells: 3/3 levels left

rFire   . . .        Y - +0 shortbow
rCold   . . .        (shield currently unavailable)
rNeg    . . .        h - +0 scale mail
rPois   .            (no helmet)
rElec   .            (no cloak)
rCorr   .            g - +0 pair of gloves
SInv    .            (no boots)
Will    .....        (no amulet)
Stlth   +            (no ring)
HPRegen 0.24/turn    (no ring)
MPRegen 0.10/turn

%: no passive effects
@: lethally poisoned (0 -> -3), hasted, very quick
A: no striking features
a: no special abilities


You were on level 2 of the Dungeon.
You visited 1 branch of the dungeon, and saw 2 of its levels.

You collected 128 gold pieces.


   Skills:
 - Level 1.5 Fighting
 + Level 7.5 Ranged Weapons
 - Level 2.4 Dodging
 - Level 1.2 Stealth


You had 3 spell levels left.
You didn't know any spells.
Your spell library was empty.

Inventory:

Hand Weapons
 Y - a +0 shortbow (weapon)
Armour
 g - a +0 pair of gloves (worn)
 h - a +0 scale mail (worn)
Scrolls
 b - a scroll of teleportation
Potions
 d - a potion of heal wounds
 e - a potion of haste
 f - a potion of mutation {unknown}
 i - a potion of brilliance {unknown}

Dungeon Overview and Level Annotations

Branches:
Dungeon (2/15)

Altars:


Message History

Done exploring.
(D) Dungeon
Where to? (* - list waypoints, Enter - D:2, ? - help)
What level of the Dungeon? (default 1, ? - help) Sorry, I don't know how to get there.
Enter note:
Enter note:
Enter note:
Enter note:
Enter note:
Enter note:
Enter note:
Enter note:
Enter note: Really walk into that cloud of poison gas?
You are engulfed in poison gas.
You are poisoned.
You feel very sick.
1547 ||| Stepping ~*~*~tactically~*~*~ (cloud).
You feel very sick.
There is a lethal amount of poison in your body!
You feel very sick.
There is a lethal amount of poison in your body!
You feel sick.
There is a lethal amount of poison in your body!
You feel sick.
There is a lethal amount of poison in your body!
You feel sick.
There is a lethal amount of poison in your body!
You feel sick.
There is a lethal amount of poison in your body!
You feel sick.
There is a lethal amount of poison in your body!
You feel sick.
There is a lethal amount of poison in your body!
You feel sick.
There is a lethal amount of poison in your body!
There is a lethal amount of poison in your body!
You feel sick.
There is a lethal amount of poison in your body!
You die...

############### ###############
############### ###############
#######0....###
#######@###.###########
#####000.000#.........#
#####¤#¤##00#.#######.#
#####.0.##.0#.# #.#
############..#.# #.#
#..........#..#.# #.#
######.####..##.#....#######.#
#....#.#......#.......#......#
###.##.#.#.####.###.....#.#######


There were no monsters in sight!

Vanquished Creatures
  3 adders (D:2)
  A dart slug (D:2)
  3 endoplasms
  A giant cockroach (D:2)
  4 goblins
  9 hobgoblins
  3 jackals (D:2)
  4 kobolds
  A quokka (D:1)
  6 ball pythons
  3 bats
  2 frilled lizards
  2 rats
42 creatures vanquished.

Notes
Turn   | Place    | Note
-------+----------+-------------------------------------------
     0 | D:1      | qw the Deep Elf Hunter began the quest for the Orb.
     0 | D:1      | Reached XP level 1. HP: 12/12 MP: 3/3
     0 | D:1      | 0 ||| qw: Version: 0.3-a-22-g0ed2b0b
     0 | D:1      | 0 ||| qw: Game counter: 6155
     0 | D:1      | 0 ||| qw: Melee chars always use a shield: true
     0 | D:1      | 0 ||| qw: God list: Okawaru
     0 | D:1      | 0 ||| qw: Allow faded altars: false
     0 | D:1      | 0 ||| qw: Do Orc after clearing Dungeon:15 true
     0 | D:1      | 0 ||| qw: Do second Lair branch before Depths: true
     0 | D:1      | 0 ||| qw: Lair rune preference: random
     0 | D:1      | 0 ||| qw: Goals: Normal
     0 | D:1      | 0 ||| PLANNING D:1-11
    51 | D:1      | Reached XP level 2. HP: 16/16 MP: 4/4
   102 | D:1      | Reached skill level 6 in Ranged Weapons
   842 | D:1      | 842 ||| UPGRADING to +0 pair of gloves.
   847 | D:1      | 847 ||| UPGRADING to +0 scale mail.
   857 | D:1      | 857 ||| DROPPING +0 leather armour.
   858 | D:1      | 858 ||| READING scroll labelled GEDIAR KIAREO.
   862 | D:1      | 862 ||| DROPPING scroll of butterflies.
   966 | D:2      | Reached XP level 3. HP: 20/20 MP: 5/5
  1108 | D:2      | Reached skill level 7 in Ranged Weapons
  1344 | D:2      | Reached XP level 4. HP: 20/25 MP: 6/6
  1540 | D:2      | 1540 ||| READING scroll labelled SITUPE ATINOURR.
  1541 | D:2      | 1541 ||| READING scroll labelled DAD QOIPNOZASI.
  1542 | D:2      | 1542 ||| READING scroll labelled WEOLIETSEA.
  1543 | D:2      | 1543 ||| READING scroll labelled CAITEU QETANUUNI.
  1544 | D:2      | 1544 ||| DRINKING 2 lumpy puce potions.
  1545 | D:2      | 1545 ||| DRINKING 2 cyan potions.
  1547 | D:2      | 1547 ||| Stepping ~*~*~tactically~*~*~ (cloud).
  1551 | D:2      | HP: 6/25 [poisoned by you (poison gas)]
  1555 | D:2      | HP: 2/25 [poisoned by you (poison gas)]
  1558 | D:2      | Succumbed to their own poison gas

Levels and vault maps discovered:
D:1:      scummos_arrival_simple_fountains, layout_basic
D:2:      layout_basic

Skill      XL: |  1  2  3 |
---------------+----------+-----
Ranged Weapons | 6 7 |  7.5
Fighting       | |  1.5
Dodging        | |  2.4
Stealth        | |  1.2

Action                     |  1- 3 |  4- 6 || total
---------------------------+-------+-------++-------
   Fire: Shortbow          |   130 |     6 ||   136
    Use: Scroll            |     1 |     4 ||     5
         Potion            |       |     2 ||     2
 Armour: Leather armour    |     5 |       ||     5
         Scale mail        |    25 |     3 ||    28
  Dodge: Dodged            |    51 |     2 ||    53

Table legend:
 A = Non-vault XP
 B = Vault XP
 C = Vault XP percentage of total XP
 D = Non-vault monster count
 E = Vault monster count
 F = Vault count percentage of total count
                 A         B        C        D         E       F
            +---------+---------+-------+---------+---------+-------
      Total |     109 |       0 |   0.0 |      42 |       0 |   0.0
            +---------+---------+-------+---------+---------+-------
        D:1 |      31 |       0 |   0.0 |      19 |       0 |   0.0
        D:2 |      78 |       0 |   0.0 |      23 |       0 |   0.0
            +---------+---------+-------+---------+---------+-------
